 Dungeon Crawl Stone Soup version 0.22-a0-192-g6ffc940 (webtiles) character file.

5840 Amnesiac the Thaumaturge (level 10, -13/63 HPs)
             Began as a Mummy Earth Elementalist on Feb 16, 2018.
             Was a Follower of Ashenzari.
             Killed by divine providence
             ... invoked by an orc priest
              (14 damage)
             ... on level 9 of the Dungeon.
             The game lasted 00:17:03 (8565 turns).

Amnesiac the Thaumaturge (Mummy Earth Elementalist) Turns: 8565, Time: 00:17:04

Health: -13/63     AC:  5    Str: 13    XL:     10   Next: 51%
Magic:  23/39      EV: 10    Int: 17    God:    Ashenzari [*.....]
Gold:   261        SH: 11    Dex: 14    Spells: 14/29 levels left

rFire    x . .     SeeInvis .   a - staff of power (curse)
rCold    + + .     Gourm    .   p - +0 shield (curse)
rNeg     + + +     Faith    .   c - +0 robe
rPois    ∞         Spirit   .   (no helmet)
rElec    .         Reflect  +   (no cloak)
rCorr    .         Harm     .   (no gloves)
MR       +....                  w - +2 pair of boots {Stlth+}
Stlth    +++.......             B - +2 amulet of reflection (curse)
HPRegen  0.20/turn              g - +2 ring of strength
MPRegen  0.26/turn              A - ring of protection from cold (curse)

@: no status effects
A: no food or potions, fire vulnerability, cold resistance 1, negative energy
resistance 3, torment resistance, unbreathing
a: Curse Item, Scrying, Renounce Religion


You were on level 9 of the Dungeon.
You worshipped Ashenzari.
Ashenzari was aware of your devotion.
You were not hungry.

You visited 2 branches of the dungeon, and saw 10 of its levels.

You collected 456 gold pieces.
You spent 195 gold pieces at shops.

Inventory:

Hand Weapons
 b - a +0 dagger
Missiles
 i - 90 stones (quivered)
 m - 22 poisoned needles
Armour
 c - a +0 robe (worn)
 p - a cursed +0 shield (worn)
 w - a +2 pair of boots of stealth (worn)
 y - a +0 cloak
Magical Staves
 a - a cursed staff of power (weapon)
 o - an uncursed staff of air
Jewellery
 g - a +2 ring of strength (left hand)
 A - a cursed ring of protection from cold (right hand)
 B - a cursed +2 amulet of reflection (around neck)
Wands
 q - a wand of acid (8)
 z - a wand of enslavement (18)
Scrolls
 e - 2 scrolls of blinking {!r, unknown}
 f - a scroll of random uselessness {!r, unknown}
 h - 14 scrolls of identify {!r, unknown}
 j - 3 scrolls of amnesia {!r, unknown}
 k - 3 scrolls of remove curse {!r}
 l - 2 scrolls of teleportation {!r, unknown}
 n - a scroll of fear {!r, unknown}
 r - a scroll of enchant armour {!r, unknown}
 s - a scroll of magic mapping {!r, unknown}
 t - 2 scrolls of fog {!r, unknown}
 u - a scroll of noise {!r, unknown}
 x - a scroll of enchant weapon {!r, unknown}
Books
 d - a book of Geomancy

   Spells                             Type                      Level
   a - Sandblast                      Earth                        1
   b - Passwall                       Transmutation/Earth          2
   c - Stone Arrow                    Conjuration/Earth            3
   d - Petrify                        Transmutation/Earth          4
   e - Lee's Rapid Deconstruction     Earth                        5
 v - a book of Maledictions

   Spells                             Type                      Level
   a - Corona                         Hexes                        1
   b - Ensorcelled Hibernation        Hexes/Ice                    2
   c - Confuse                        Hexes                        3
   d - Tukima's Dance                 Hexes                        3
   e - Dazzling Spray                 Conjuration/Hexes            3
 C - a book of Flames

   Spells                             Type                      Level
   a - Flame Tongue                   Conjuration/Fire             1
   b - Throw Flame                    Conjuration/Fire             2
   c - Conjure Flame                  Conjuration/Fire             3
   d - Inner Flame                    Hexes/Fire                   3
   e - Sticky Flame                   Conjuration/Fire             4
   f - Fireball                       Conjuration/Fire             5


   Skills:
 - Level 1.5 Dodging
 - Level 1.5 Stealth
 + Level 5.8 Shields
 - Level 10.1 Spellcasting
 - Level 0.7 Transmutations
 - Level 10.1 Earth Magic


You had 14 spell levels left.
You knew the following spells:

 Your Spells              Type           Power        Failure   Level  Hunger
a - Sandblast             Erth           #####.       1%          1    N/A
b - Passwall              Tmut/Erth      ####......   4%          2    N/A
c - Stone Arrow           Conj/Erth      ####..       10%         3    N/A
d - Lee's Rapid Deconstr  Erth           #####.....   12%         5    N/A
e - Petrify               Tmut/Erth      ####....     28%         4    N/A

Dungeon Overview and Level Annotations

Branches:
Dungeon (9/15)             Temple (1/1) D:5
   Lair: D:8-11         Orc: D:9-12

Altars:
Ashenzari
Cheibriados
Dithmenos
Elyvilon
Fedhas
Gozag
Hepliaklqana
Kikubaaqudgha
Makhleb
Nemelex Xobeh
Okawaru
Qazlal
Ru
Sif Muna
Trog
Uskayaw
Vehumet
Wu Jian
Xom
Yredelemnul
Zin
The Shining One

Shops:
D:6 [}(   D:7 [

Annotations:
D:8 exclusion: oklob plant


Innate Abilities, Weirdness & Mutations

You do not eat or drink.
Your flesh is vulnerable to fire.
You are immune to poison.
Your flesh is cold resistant. (rC+)
You are immune to negative energy. (rN+++)
You are immune to unholy pain and torment.
You can survive without breathing.


Message History

You kill the orc!
i - 94 stones
Casting: Sandblast (safe; 1% risk of failure)
Confirm with . or Enter, or press ? or * to list all spells.
Aiming: Sandblast (safe; 1% risk of failure)
Press: ? - help, Shift-Dir - straight line, f - jelly
Aim: a jelly (almost dead)
The blast of sand hits the jelly.
You kill the jelly!
i - 93 stones The orc priest calls down the wrath of Beogh upon you.
Beogh smites you!
* * * LOW HITPOINT WARNING * * *
A troll comes into view.
Casting: Sandblast (safe; 1% risk of failure)
Confirm with . or Enter, or press ? or * to list all spells.
Aiming: Sandblast (safe; 1% risk of failure)
Press: ? - help, Shift-Dir - straight line, f - orc wizard
Aim: an orc wizard, wielding a dagger and wearing a robe The blast of sand hits the orc wizard.
The orc wizard is moderately wounded.
i - 92 stones The troll moves out of view.
Casting: Sandblast (safe; 1% risk of failure)
Confirm with . or Enter, or press ? or * to list all spells.
Aiming: Sandblast (safe; 1% risk of failure)
Press: ? - help, Shift-Dir - straight line, f/p - orc wizard
Aim: an orc wizard, wielding a dagger and wearing a robe (moderately wounded)
The blast of sand hits the orc wizard.
You kill the orc wizard!
i - 91 stones The orc priest looks braver for a moment.
Casting: Sandblast (safe; 1% risk of failure)
Confirm with . or Enter, or press ? or * to list all spells.
Aiming: Sandblast (safe; 1% risk of failure)
Press: ? - help, Shift-Dir - straight line, f - troll
Aim: a troll The blast of sand hits the troll.
The troll is moderately wounded.
i - 90 stones
Casting: Sandblast (safe; 1% risk of failure)
Confirm with . or Enter, or press ? or * to list all spells.
Aiming: Lee's Rapid Deconstruction (slightly dangerous; 12% risk of failure)
Press: ? - help, Dir - move target cursor, p - troll The wall shatters!
The blast of rock fragments hits the orc priest.
The orc priest is moderately wounded.
The blast of rock fragments hits the troll.
The troll is severely wounded.
Unknown command.
Casting: Lee's Rapid Deconstruction (slightly dangerous; 12% risk of failure)
Confirm with . or Enter, or press ? or * to list all spells.
Aiming: Lee's Rapid Deconstruction (slightly dangerous; 12% risk of failure)
Press: ? - help, Dir - move target cursor The wall shatters!
The blast of rock fragments hits the orc priest.
The orc priest is severely wounded.
The troll bites you!
* * * LOW HITPOINT WARNING * * *
You block the troll's attack. The troll claws you!
* * * LOW HITPOINT WARNING * * *
The orc priest invokes the aid of Beogh against you.
Beogh smites you!
You die...

#...........##
......####.....#....)
#...............#.##)
.....#####.##..#.##.
#.....# ####..#.##.
#.....# #..#.##. #
#.....#######..#.###
#..#.##?#......#....#.#
.......o@..# #.#.#....#
......T#..# #.#.#.####
..#....#..# #.#.....#
.....)###..# #.###.###
...... #..#
#.###.###### .....
#..###.#.....#... .....
#......#.###.#.#. ....
##.........#..... ...$
#####.#.#####.#.


You could see a troll and an orc priest.

Vanquished Creatures
  Pikel (D:3)
  Maurice (D:8)
  Prince Ribbit (D:9)
  2 hippogriffs
  The ghost of 4thArraOfDagon the Scratcher, an amateur FeWn of Okawaru (D:7)
  A hungry ghost (D:9)
  3 sky beasts
  A black bear (D:6)
  4 orc warriors
  2 ice beasts (D:8)
  2 phantoms
  3 slaves (D:4)
  4 ogres
  2 centaurs
  A big kobold (D:8)
  A gnoll sergeant (D:7)
  3 bullfrogs
  6 killer bees
  5 wights (D:8)
  2 howler monkeys (D:7)
  A crimson imp (D:7)
  6 jellies
  A centaur skeleton (D:6)
  7 orc priests
  7 hounds
  15 orc wizards
  5 iguanas
  7 worker ants
  A killer bee zombie (D:7)
  A hound zombie (D:5)
  A worker ant zombie (D:6)
  9 gnolls
  7 adders
  3 shadow imps
  6 oozes
  2 worms (D:3)
  A dart slug (D:3)
  3 leopard geckos
  56 orcs
  A ball python (D:2)
  8 giant cockroaches
  11 goblins
  4 hobgoblins
  11 jackals
  5 quokkas
  6 bats
  4 frilled lizards
  A jackal skeleton (D:4)
  6 kobolds
  2 leopard gecko skeletons
  6 rats
250 creatures vanquished.

Vanquished Creatures (others)
  A slave (D:4)
  2 orcs (D:4)
  2 withered plants (D:4)
5 creatures vanquished.

Grand Total: 255 creatures vanquished

Notes
Turn   | Place    | Note
-------+----------+-------------------------------------------
     0 | D:1      | Amnesiac the Mummy Earth Elementalist began the quest for the Orb.
     0 | D:1      | Reached XP level 1. HP: 13/13 MP: 4/4
   408 | D:1      | Reached XP level 2. HP: 19/19 MP: 3/5
   412 | D:1      | Learned a level 2 spell: Passwall
   898 | D:2      | Reached XP level 3. HP: 24/24 MP: 3/7
  1015 | D:2      | Reached XP level 4. HP: 30/30 MP: 5/9
  1021 | D:2      | Learned a level 4 spell: Petrify
  1523 | D:2      | Learned a level 3 spell: Stone Arrow
  1899 | D:3      | Found a hide-covered altar of Uskayaw.
  1939 | D:3      | Found a hazy altar of Hepliaklqana.
  2219 | D:3      | Reached XP level 5. HP: 35/35 MP: 11/11
  2956 | D:4      | Reached XP level 6. HP: 40/41 MP: 13/13
  2988 | D:4      | Noticed a slave
  2989 | D:4      | Noticed Pikel
  2989 | D:4      | Noticed a slave
  2989 | D:4      | Noticed a slave
  2999 | D:4      | Killed a slave
  3002 | D:4      | Noticed a slave
  3364 | D:4      | Reached skill level 5 in Spellcasting
  3441 | D:3      | Killed Pikel
  3441 | D:3      | Reached XP level 7. HP: 20/46 MP: 11/16
  3828 | D:4      | Found a stormy altar of Qazlal.
  3842 | D:4      | Found a basalt altar of Yredelemnul.
  4129 | D:4      | Learned a level 5 spell: Lee's Rapid Deconstruction
  4145 | D:5      | Entered Level 5 of the Dungeon
  4417 | D:5      | Found a shadowy altar of Dithmenos.
  4433 | D:5      | Reached XP level 8. HP: 21/52 MP: 10/18
  4473 | D:5      | Found a burning altar of Makhleb.
  4833 | D:5      | Found a staircase to the Ecumenical Temple.
  5125 | Temple   | Entered the Ecumenical Temple
  5179 | Temple   | Became a worshipper of Ashenzari the Shackled
  5341 | D:6      | Found Tivemot's Antique Armour Shop.
  5346 | D:6      | Bought a pair of runed boots for 195 gold pieces
  5355 | D:6      | Found Waixt's Gadget Emporium.
  5402 | D:6      | Found Lainey's Weapon Emporium.
  5978 | D:6      | Found a sacrificial altar of Ru.
  6165 | D:6      | Found an iron altar of Okawaru.
  6415 | D:6      | Reached XP level 9. HP: 57/57 MP: 12/21
  6802 | D:7      | Found Apaarch's Armour Boutique.
  6834 | D:7      | Noticed 4thArraOfDagon's ghost (amateur FeWn)
  6842 | D:7      | Killed 4thArraOfDagon's ghost
  7214 | D:8      | Noticed Maurice
  7229 | D:8      | Killed Maurice
  7229 | D:8      | Reached skill level 10 in Spellcasting
  7229 | D:8      | Reached skill level 10 in Earth Magic
  7312 | D:8      | Reached skill level 1 in Shields
  7331 | D:8      | Reached XP level 10. HP: 51/63 MP: 10/24
  7478 | D:8      | Found a burning altar of Makhleb.
  7510 | D:8      | Noticed an oklob plant
  7574 | D:8      | Reached * piety under Ashenzari
  7858 | D:9      | Noticed Prince Ribbit
  7860 | D:9      | Killed Prince Ribbit
  8082 | D:9      | Reached skill level 5 in Shields
  8500 | D:9      | Found a blossoming altar of Fedhas.
  8565 | D:9      | HP: 1/63 [troll (12)]
  8565 | D:9      | Killed from afar by an orc priest

Vault maps used:
D:1:      minmay_arrival_three_doors, roderic_roman_lattice,
          hangedman_decor_riveting
D:3:      grunt_temple_overflow_open
D:4:      yredelemnul_altar_generic, nicolae_overflow_hidden_temple,
          first_ration, uniq_pikel
D:5:      overflow_temple_1_default, old_standard_altar,
          minmay_temple_entry_poolview, lemuel_flamethrower_2
D:6:      overflow_temple_1_default, okawaru_altar_gauntlet_db,
          serial_co_window_serial, co_window_paths_a, co_window_corner_a,
          co_window_corner_a, co_window_of_opportunity_a, co_window_corner_a,
          co_window_unsneaky_path_e, co_window_unsneaky_path_e,
          co_window_broadway_c, glass_columns_a, serial_shops, shop_statue,
          shop, nicolae_shop_behind_doors
D:7:      serial_shops, shop_fountains
D:8:      hangedman_little_slice_of_home, lemuel_oklob_altar, uniq_maurice
D:9:      lemuel_coloured_pillars_altar, erik_orc_1, corexii_hall_statues_l,
          uniq_gastronok, uniq_prince_ribbit1
Temple:   dshaligram_water_room_temple

Skill      XL: |  1  2  3  4  5  6  7  8  9 10 |
---------------+-------------------------------+-----
Spellcasting   | 3 4 6 8 10 | 10.1
Earth Magic    | 3 4 6 8 10 | 10.1
Shields        | 1 5 |  5.8
Dodging        | |  1.5
Stealth        | |  1.5
Transmutations | |  0.7

Action                   |  1- 3 |  4- 6 |  7- 9 | 10-12 || total
-------------------------+-------+-------+-------+-------++-------
Melee: Unarmed           |    21 |       |       |       ||    21
       Dagger            |     1 |       |       |       ||     1
       Staff             |       |     4 |     7 |       ||    11
 Cast: Sandblast         |    31 |    95 |    92 |   110 ||   328
       Stone Arrow       |       |    31 |   145 |     4 ||   180
       Lee's Rapid Decon |       |       |     9 |     2 ||    11
       Passwall          |       |       |     2 |       ||     2
       Petrify           |       |       |     1 |       ||     1
Invok: Curse Item        |       |       |     1 |     2 ||     3
 Stab: Sleeping          |     1 |       |       |       ||     1
Armor: Robe              |     5 |    10 |    21 |    11 ||    47
Dodge: Dodged            |    11 |    63 |    64 |    26 ||   164
Block: Shield            |       |       |       |     8 ||     8
       Other             |       |       |       |     1 ||     1

Table legend:
 A = Spawn XP
 B = Non-spawn XP
 C = Spawn XP percentage of total XP
 D = Spawn monster count
 E = Non-spawn monster count
 F = Spawn count percentage of total count
 G = Total turns spent on level
                    A         B        C        D         E        F      G
               +---------+---------+-------+---------+---------+-------+---------
         Total |       0 |    8343 |   0.0 |       0 |     247 |   0.0 |  8565
               +---------+---------+-------+---------+---------+-------+---------
           D:1 |       0 |      28 |   0.0 |       0 |      16 |   0.0 |   936
           D:2 |       0 |      99 |   0.0 |       0 |      14 |   0.0 |   874
           D:3 |       0 |     764 |   0.0 |       0 |      25 |   0.0 |   839
           D:4 |       0 |     357 |   0.0 |       0 |      24 |   0.0 |  1496
           D:5 |       0 |     338 |   0.0 |       0 |      22 |   0.0 |   994
           D:6 |       0 |    1307 |   0.0 |       0 |      28 |   0.0 |  1401
           D:7 |       0 |    1563 |   0.0 |       0 |      34 |   0.0 |   570
           D:8 |       0 |    2005 |   0.0 |       0 |      43 |   0.0 |   774
           D:9 |       0 |    1882 |   0.0 |       0 |      41 |   0.0 |   610
               +---------+---------+-------+---------+---------+-------+---------
